Map: Submarine LE

Players

Duke

  • Race: Terran Terran
  • League: Diamond
  • Spawn Location: 5:00

A.I. 1 (Very Easy) - Winner!

  • Race: Protoss Protoss
  • Spawn Location: 11:00

VOD

Have the link to the VOD?

Description

Time

  • Played on: Feb. 13, 2021, 10:12 p.m.
  • Length: 4:43
Show
View Real Time Build Order
Export as new Build Order

Duke Terran 

Build Orders:  

Get SALT Encoding   

  12  0:00  SCV  
  13  0:12  SCV  
  14  0:17  Supply Depot  
  14  0:42  Barracks  
  14  0:44  Barracks  
  14  0:51  Refinery  
  14  0:56  SCV  
  15  1:08  SCV  
  16  1:20  SCV  
  17  1:29  Marine  
  17  1:31  Barracks Tech Lab  
  17  1:32  Barracks  
  18  1:38  Supply Depot  
  18  1:47  Marine  
  18  1:50  Marauder  
  18  1:54  Concussive Shells  
  21  2:05  Marine  
  22  2:12  Marauder  
  24  2:19  Barracks Tech Lab  
  24  2:22  Marine  
  24  2:25  Supply Depot  
  25  2:33  Marauder  
  27  2:38  Marauder  
  27  2:41  Marine  
  30  2:54  Marauder  
  32  3:00  Marauder, Marine  
  35  3:15  Supply Depot  
  35  3:16  Marauder  
  37  3:23  Marauder  
  39  3:37  Marauder  
  39  3:40  Marine  
  42  3:45  Marauder  
  44  3:48  Supply Depot  
  44  3:58  Marauder  
  44  4:00  Marine  
  47  4:10  Marauder  
  49  4:18  Marine  
  49  4:20  Marauder  
  52  4:33  Supply Depot  
Show
View Real Time Build Order
Export as new Build Order

A.I. 1 (Very Easy) Protoss - Winner!

Build Orders:  

Get SALT Encoding   

  12  0:00  Probe  
  13  0:13  Probe  
  14  0:19  Pylon  
  14  0:37  Assimilator  
  14  0:43  Gateway  
  14  0:46  Pylon  
  14  1:14  Assimilator  
  14  1:22  Probe  
  14  1:24  Zealot  
  14  1:30  Probe  
  15  1:33  Cybernetics Core  
  18  1:41  Probe  
  19  1:53  Probe  
  20  2:02  Probe  
  21  2:09  Warp Gate  
  21  2:10  Probe  
  22  2:38  Stalker  
  26  3:12  Pylon  
  22  3:23  Probe  
  19  3:35  Probe  
  19  3:37  Pylon  
  20  3:47  Probe  
  18  3:59  Probe  
  14  4:08  Probe  
  14  4:16  Probe  
Tags
 
League
Diamond
Matchup
PvT
Spawn Locations
Cross Positions
Add a new tag
Caveats
  • Supply blocks, unpowered buildings, or Contaminate may cause inaccurate times.
  • Supply counts are checked every 10 seconds.